 Dungeon Crawl Stone Soup version 0.14.1-26-g5a19342 (webtiles) character file.

2456 BlueCrake the Cleaver (level 9, -1/79 HPs)
             Began as a Hill Orc Hunter on July 26, 2014.
             Was a Believer of Zin.
             Slain by an orc warrior
             ... wielding a +0,+0 mace
              (18 damage)
             ... on Level 8 of the Dungeon.
             The game lasted 00:22:59 (5672 turns).

BlueCrake the Cleaver (Hill Orc Hunter)             Turns: 5672, Time: 00:23:00

HP  -1/79        AC  9     Str 18      XL: 9   Next: 34%
MP  20/20        EV 11     Int 11      God: Zin [**....]
Gold 256         SH  0     Dex 11      Spells:  0 memorised,  8 levels left

rFire  . . .     SeeInvis .     a - +0 battleaxe
rCold  + . .     Clarity  .     h - +1 troll leather armour
rNeg   . . .     Conserve .     (no shield)
rPois  .         rCorr    .     Q - +0 helmet
rElec  .         rRot     .     U - +0 cloak
SustAb . .       Spirit   .     (no gloves)
rMut   .         Warding  .     y - +0 pair of boots
Saprov + . .     Stasis   .     (no amulet)
MR     .....                    g - ring of sustenance
                                r - cursed ring of protection from cold

@: reciting, not resistant to hostile enchantments, unstealthy
A: saprovore 1
a: Recite, Vitalisation, Renounce Religion


You were on level 8 of the Dungeon.
You worshipped Zin.
Zin was pleased with you.
You were not hungry.

You visited 2 branches of the dungeon, and saw 9 of its levels.

You collected 284 gold pieces.
You donated 28 gold pieces.

Inventory:

Hand weapons
 a - a +0,+0 battleaxe (weapon)
 b - a +0 blowgun
 e - a +3,+1 hand axe
 i - a +0,+0 short sword
 w - a +1,+1 whip of flaming
 E - a +0,+0 flail of holy wrath
Missiles
 c - 3 throwing nets
 s - 7 javelins
 B - 55 poisoned needles
 P - 4 tomahawks
 S - a javelin of penetration (quivered)
Armour
 h - a +1 troll leather armour (worn)
 y - a +0 pair of boots (worn)
 Q - a +0 helmet (worn)
 U - a +0 cloak (worn)
Magical devices
 H - a wand of flame (12)
 K - a wand of slowing (5)
 M - a wand of confusion (0)
Comestibles
 d - 9 bread rations
 f - 3 meat rations
 n - 2 apples
 x - 11 grapes
 z - 2 sultanas
 A - a pear
 G - a chunk of porcupine flesh
 I - a rotting chunk of bat flesh
 L - 6 beef jerkies
Scrolls
 l - 2 scrolls of identify
 p - 5 scrolls of remove curse
 q - 7 scrolls of teleportation
 C - 2 scrolls of amnesia
 J - 2 scrolls of random uselessness
 O - 2 scrolls of enchant weapon II
 T - a scroll of blinking
Jewellery
 g - a ring of sustenance (right hand)
 k - an uncursed ring of teleport control
 r - a cursed ring of protection from cold (left hand)
Potions
 j - a potion of agility {unknown}
 m - 2 potions of magic {unknown}
 o - a potion of paralysis {unknown}
 t - 2 potions of flight {unknown}
 u - a potion of might {unknown}
 v - 2 potions of heal wounds {unknown}
 N - a potion of haste
 R - a potion of restore abilities {unknown}
Magical staves
 F - an uncursed staff of fire


   Skills:
 + Level 7.5 Fighting
 - Level 1.0 Short Blades
 - Level 10.2 Axes
 - Level 4.0 Throwing
 + Level 3.9 Armour
 - Level 1.5 Dodging
 - Level 0.7 Stealth
 + Level 7.3 Invocations


You had 8 spell levels left.
You didn't know any spells.

Dungeon Overview and Level Annotations

Branches:
Dungeon (8/15)             Temple (1/1) D:4
   Lair: D:8-11

Altars:
Ashenzari
Cheibriados
Dithmenos
Elyvilon
Fedhas
Kikubaaqudgha
Makhleb
Nemelex Xobeh
Okawaru
Sif Muna
Trog
Vehumet
Xom
Yredelemnul
Zin
The Shining One


Innate Abilities, Weirdness & Mutations

You can tolerate rotten meat.


Message History

You kill the orc priest!
You have got your breath back.
The orc warrior hits you with a mace!
Evoke which item? (* to show all) (? for menu, Esc to quit)
Zapping:
K - a wand of slowing {zapped: 6}
Press: ? - help, Shift-Dir - straight line, f/p - orc warrior
Aim: an orc warrior, wielding a mace and wearing a chain mail (moderately wounded)
The orc warrior resists with significant effort.
The orc warrior hits you with a mace!
* * * LOW HITPOINT WARNING * * *
Drink which item? (? for menu, Esc to quit)
You feel better. The orc warrior hits you with a mace!
* * * LOW HITPOINT WARNING * * *
Use which ability? (? or * to list)
You clear your throat and prepare to recite Apostates 2:8. "The voice of Zin, pure and clear, did say that the heretics..."
The orc warrior is smitten by the wrath of Zin.
The orc warrior is severely wounded.
The orc warrior hits you with a mace!
You die...

### #.# ### #.# ######.###### #.#
#..o@.......## #.# #.####.......#
## #.###.........#..# ....
#.#......#..#.#..# .....
#..{...#.#..#.#..######## ......
#.##.#.#................#
....(.###.##.....#..#.##.######.#
#(.....).%##........#.#.......#.#
.........(..................#.#..


You could see an orc warrior.

Vanquished Creatures
  Prince Ribbit (D:7)
  Eustachio (D:7)
  A porcupine (D:8)
  Edmund (D:6)
  Menkaure (D:5)
  An orc warrior (D:7)
  2 ogres
  2 ice beasts
  Sigmund (D:7)
  A big kobold (D:7)
  A giant frog (D:7)
  A quasit (D:5)
  2 hounds
  3 crimson imps
  A jelly (D:7)
  Crazy Yiuf (D:7)
  2 orc priests
  2 orc wizards
  8 worker ants
  2 iguanas
  Jessica (D:3)
  4 adders
  2 shadow imps
  2 giant mites
  3 worms
  An orc skeleton (D:6)
  2 giant eyeballs
  4 giant geckos
  2 oozes (D:2)
  14 orcs
  2 bat skeletons
  3 giant cockroaches
  5 goblins
  20 hobgoblins
  2 jackals (D:3)
  7 quokkas
  A ball python (D:4)
  12 bats
  A giant gecko skeleton (D:4)
  5 giant newts
  A hobgoblin skeleton (D:4)
  19 kobolds
  6 rats
154 creatures vanquished.

Notes
Turn   | Place    | Note
--------------------------------------------------------------
     0 | D:1      | BlueCrake, the Hill Orc Hunter, began the quest for the Orb.
     0 | D:1      | Reached XP level 1. HP: 18/18 MP: 1/1
   199 | D:1      | Reached skill level 1 in Axes
   199 | D:1      | Reached XP level 2. HP: 19/25 MP: 2/2
   820 | D:2      | Reached XP level 3. HP: 30/30 MP: 3/3
  1486 | D:3      | Reached XP level 4. HP: 35/37 MP: 4/4
  1702 | D:3      | Noticed Jessica
  1716 | D:3      | Killed Jessica
  1716 | D:3      | Reached skill level 5 in Axes
  2180 | D:4      | Reached XP level 5. HP: 44/44 MP: 5/5
  2235 | D:4      | Reached skill level 6 in Axes
  2537 | D:4      | Reached skill level 7 in Axes
  2537 | D:4      | Reached XP level 6. HP: 50/50 MP: 6/6
  2691 | D:4      | Found a staircase to the Ecumenical Temple.
  2697 | Temple   | Entered the Ecumenical Temple
  2738 | Temple   | Became a worshipper of Zin the Law-Giver
  2738 | Temple   | Acquired Zin's first power
  2993 | D:5      | Entered Level 5 of the Dungeon
  3035 | D:5      | Found a sparkling altar of Nemelex Xobeh.
  3129 | D:5      | Noticed Menkaure
  3163 | D:5      | Killed Menkaure
  3163 | D:5      | Reached skill level 1 in Invocations
  3247 | D:5      | Reached skill level 8 in Axes
  3329 | D:5      | Reached XP level 7. HP: 58/58 MP: 8/8
  3701 | D:6      | Noticed Edmund
  3803 | D:6      | Acquired Zin's second power
  3883 | D:6      | Killed Edmund
  3883 | D:6      | Reached skill level 9 in Axes
  3946 | D:6      | Reached XP level 8. HP: 49/67 MP: 11/13
  3979 | D:6      | Reached skill level 5 in Fighting
  4402 | D:6      | Paralysed by a giant eyeball for 2 turns
  4412 | D:6      | Paralysed by a giant eyeball for 2 turns
  4707 | D:7      | Reached skill level 10 in Axes
  4726 | D:7      | Reached skill level 5 in Invocations
  4801 | D:7      | Noticed Eustachio
  4856 | D:7      | Killed Eustachio
  4856 | D:7      | Reached skill level 1 in Armour
  4888 | D:7      | Noticed Prince Ribbit
  4913 | D:7      | Killed Prince Ribbit
  4913 | D:7      | Reached XP level 9. HP: 45/78 MP: 16/18
  5156 | D:7      | Noticed Sigmund
  5166 | D:7      | Killed Sigmund
  5338 | D:7      | Noticed Crazy Yiuf
  5396 | D:7      | Killed Crazy Yiuf
  5672 | D:8      | Slain by an orc warrior

Action                   |  1- 3 |  4- 6 |  7- 9 || total
-------------------------+-------+-------+-------++-------
Melee: Short sword       |    11 |       |       ||    11
       Hand axe          |    91 |   197 |   119 ||   407
       Battleaxe         |       |       |    81 ||    81
Throw: Javelin           |    11 |    32 |    78 ||   121
       Throwing net      |       |       |     1 ||     1
Invok: Recite            |       |     3 |    18 ||    21
Evoke: Wand              |       |       |    10 ||    10
  Use: Scroll            |     6 |     4 |     6 ||    16
       Potion            |       |     2 |     5 ||     7
 Stab: Sleeping          |       |     1 |       ||     1
       Invisible         |       |       |     1 ||     1
